 Dungeon Crawl Stone Soup version 0.27.0 (webtiles) character file.

Game seed: 15076189309835698006

234 mainiacjoe the Sneak (level 5, -9/50 HPs)
             Began as a Deep Dwarf Delver on July 31, 2021.
             Was an Initiate of Makhleb.
             Mangled by a gnoll (10 damage)
             ... on level 5 of the Dungeon.
             The game lasted 00:02:58 (680 turns).

mainiacjoe the Sneak (Deep Dwarf Delver)             Turns: 680, Time: 00:02:58

Health: -9/50      AC:  4    Str: 17    XL:     5   Next: 75%
Magic:  3/3        EV: 13    Int: 10    God:    Makhleb [......]
Gold:   59         SH:  0    Dex: 14    Spells: 4/4 levels left

rFire    . . .     SeeInvis .   a - +0 hand axe
rCold    + . .     Faith    .   (no shield)
rNeg     . . .     Spirit   .   b - +0 leather armour
rPois    .         Reflect  .   (no helmet)
rElec    .         Harm     .   j - +0 cloak
rCorr    .         Rampage  .   (no gloves)
Will     .....                  (no boots)
Stlth    +++.......             (no amulet)
HPRegen  0.00/turn              n - ring of protection from cold
MPRegen  0.08/turn              (no ring)

@: no status effects
A: damage resistance, heal wounds, sense surroundings 1, no regeneration
a: Heal Wounds, Renounce Religion


You were on level 5 of the Dungeon.
You worshipped Makhleb.
Makhleb was noncommittal.
You visited 1 branch of the dungeon, and saw 2 of its levels.

You collected 59 gold pieces.

Inventory:

Hand Weapons
 a - a +0 hand axe (weapon)
Missiles
 i - 32 arrows
 m - 15 bolts
 o - 53 stones
 t - a throwing net {=F}
Armour
 b - a +0 leather armour (worn)
 j - a +0 cloak (worn)
Jewellery
 n - a ring of protection from cold (left hand)
Wands
 g - a wand of digging (3)
 r - a wand of polymorph (7)
Scrolls
 c - a scroll of fog
 d - 2 scrolls of magic mapping
 e - a scroll of fear
 k - 3 scrolls of amnesia {unknown}
 l - a scroll of enchant armour {unknown}
 p - a scroll of torment {unknown}
 q - a scroll of enchant weapon {unknown}
 s - a scroll of blinking {unknown}
Potions
 f - a potion of haste
 h - a potion of mutation {unknown}


   Skills:
 + Level 3.7 Fighting
 + Level 3.8 Axes
 + Level 3.8 Dodging
 + Level 7.1 Stealth


You had 4 spell levels left.
You didn't know any spells.
Your spell library contained the following spells:

 Spells                   Type           Power      Damage    Failure   Level
 Corona                   Hex            0%         N/A       43%         1
 Ensorcelled Hibernation  Hex/Ice        0%         N/A       56%         2
 Slow                     Hex            0%         N/A       56%         2
 Confusing Touch          Hex            0%         N/A       80%         3
 Tukima's Dance           Hex            0%         N/A       80%         3
 Yara's Violent Unravell  Hex/Tmut       0%         3d3       100%        5


Dungeon Overview and Level Annotations

Branches:
Dungeon (5/15)             Temple (0/1) D:5

Altars:
Ashenzari
Makhleb
Vehumet


Innate Abilities, Weirdness & Mutations

You are resistant to damage.
You can heal yourself by infusing magical energy.
You passively map a small area around you.
You do not regenerate.


Message History

The gnoll shaman closely misses you. The gnoll hits you but does no damage.
You are too injured to fight recklessly!
You are too injured to fight recklessly!
You are too injured to fight recklessly!
Unknown command.
You are too injured to fight recklessly!
You are too injured to fight recklessly!
You barely miss the gnoll. You hit the gnoll. You hit the gnoll shaman.
The gnoll hits you with a +0 whip. The gnoll misses you.
The gnoll barely misses you.
The gnoll hits you from afar with a +0 halberd!
The gnoll shaman closely misses you. The gnoll barely misses you.
The gnoll misses you.
You completely miss the gnoll. You hit the gnoll shaman.
You hit the gnoll but do no damage.
The gnoll hits you from afar with a +0 halberd.
The gnoll hits you with a +0 whip.
The gnoll hits you from afar with a +0 halberd.
The gnoll shaman hits you with a +0 club!
* * * LOW HITPOINT WARNING * * *
The gnoll hits you with a +0 whip.
* * * LOW HITPOINT WARNING * * *
The gnoll misses you.
You closely miss the gnoll. You hit the gnoll but do no damage.
You hit the gnoll shaman. The gnoll misses you. The gnoll closely misses you.
The gnoll shaman hits you with a +0 club.
The gnoll hits you but does no damage.
A wyvern skeleton comes into view.
The gnoll hits you with a +0 whip.
* * * LOW HITPOINT WARNING * * *
The gnoll barely misses you.
You hit the gnoll.
The gnoll is lightly wounded.
You hit the gnoll shaman. You hit the gnoll.
You kill the gnoll!
Makhleb accepts your kill. The gnoll hits you with a +0 whip.
The gnoll barely misses you. The gnoll shaman closely misses you.
The gnoll hits you from afar with a +0 halberd!
You die...

###.......## # ..###,
.....D..### ,.....
#..###...## #..... ##.
###..###......# *#.
##.....# ..# ** .. *
####.######..# ## *
*.W,#*#....## #<.###...,
,
#.......##..####........
, .............@..[....
, ............ggS......
, .....###.###g.g......
............<........ ,,
* .... .##.##..........
..# #...........## ,.#*
.........Z..#
##..#........#
,..#.##(......#


You could see a gnoll shaman, 3 gnolls, an adder and a wyvern skeleton.

Vanquished Creatures
  A howler monkey (D:4)
  A crimson imp (D:4)
  A hound (D:4)
  A jelly (D:4)
  A bullfrog skeleton (D:5)
  An iguana (D:4)
  2 gnolls
  A howler monkey skeleton (D:5)
  An adder (D:4)
  An ufetubus (D:4)
  A worm (D:5)
  An orc (D:4)
  2 endoplasms (D:4)
  3 goblins (D:4)
  2 hobgoblins (D:4)
  A quokka (D:4)
  A ball python (D:4)
  A kobold (D:4)
23 creatures vanquished.

Notes
Turn   | Place    | Note
-------+----------+-------------------------------------------
     0 | D:5      | mainiacjoe the Deep Dwarf Delver began the quest for the
                  | Orb.
     0 | D:5      | Reached XP level 1. HP: 20/20 MP: 1/1
    41 | D:5      | Reached XP level 2. HP: 8/28 MP: 2/2
    99 | D:5      | Reached XP level 3. HP: 28/34 MP: 3/3
   107 | D:5      | Noticed an acid dragon
   118 | D:5      | Noticed a phantom
   139 | D:4      | Reached XP level 4. HP: 22/42 MP: 4/4
   145 | D:4      | Found a broken altar of Ashenzari.
   268 | D:4      | Reached XP level 5. HP: 20/49 MP: 4/4
   580 | D:4      | Found a burning altar of Makhleb.
   581 | D:4      | Found a radiant altar of Vehumet.
   598 | D:4      | Reached skill level 7 in Stealth
   600 | D:4      | Became a worshipper of Makhleb the Destroyer
   679 | D:5      | HP: 1/50 [gnoll (5)]
   680 | D:5      | Mangled by a gnoll

Illustrated notes

Levels and vault maps discovered:
D:4:      layout_rooms, grunt_temple_overflow_lords_of_destruction,
          lemuel_round_altar, kennysheep_doodads
D:5:      layout_rooms, minmay_temple_entry_wispy

Skill      XL: |  1  2  3  4  5 |
---------------+----------------+-----
Fighting       | 3 |  3.7
Axes           | 3 |  3.8
Dodging        | 3 |  3.8
Stealth        | 7 |  7.1

Action                   |  1- 3 |  4- 6 || total
-------------------------+-------+-------++-------
Melee: Hand axe          |    33 |    79 ||   112
 Abil: Heal Wounds       |     1 |     6 ||     7
 Stab: Sleeping          |       |     2 ||     2
       Distracted        |       |     1 ||     1
Armor: Leather armour    |     8 |    20 ||    28
Dodge: Dodged            |    27 |    75 ||   102
